 Dungeon Crawl Stone Soup version 0.32-a0-996-gb3226c233f (webtiles) character file.

Game seed: 18219193679975888485

37 Heh the Sneak (level 3, -6/27 HPs)
             Began as a Coglin Brigand on Apr 23, 2024.
             Killed by nerve-wracking pain
             ... invoked by Jessica
              (14 damage)
             ... on level 2 of the Dungeon.
             The game lasted 00:02:29 (898 turns).

Heh the Sneak (Coglin Brigand)                       Turns: 898, Time: 00:02:29

Health: -6/27      AC:  6    Str: 11    XL:     3   Next: 39%
Magic:  3/3        EV:  9    Int: 10    God:
Gold:   41         SH:  0    Dex: 17    Spells: 2/2 levels left

rFire   . . .        a - +2 dagger {Choonhe}
rCold   . . .        f - +0 dagger {Li}
rNeg    . . .        g - +0 ring mail
rPois   .            (no helmet)
rElec   .            c - +0 cloak
rCorr   .            (no gloves)
SInv    .            (no boots)
Will    .....        (amulet unavailable)
Stlth   +            (ring unavailable)
HPRegen 0.24/turn    (ring unavailable)
MPRegen 0.08/turn    (no gizmo)

%: no passive effects
@: confused, lethally poisoned (-6 -> -17), ambrosia-drunk, revving
A: off-hand wielding, slow wielding, warmup strikes, no jewellery
a: Invent Gizmo


You were on level 2 of the Dungeon.
You visited 1 branch of the dungeon, and saw 2 of its levels.

You collected 41 gold pieces.

Inventory:

Hand Weapons
 a - a +2 dagger (weapon) {Choonhe}
 f - a +0 dagger (offhand) {Li}
Missiles
 d - 9 poisoned darts (quivered)
 e - 3 curare-tipped darts
Armour
 b - a +0 robe
 c - a +0 cloak (worn)
 g - a +0 ring mail (worn)
 m - a +0 scale mail
Scrolls
 h - 2 scrolls of identify {unknown}
 i - a scroll of silence {unknown}
 j - a scroll of immolation {unknown}
 k - a scroll of butterflies {unknown}
 l - a scroll of teleportation {unknown}


   Skills:
 - Level 2.0 Fighting
 - Level 1.8(2.4) Short Blades
 + Level 2.8(3.2) Long Blades
 - Level 1.8 Throwing
 - Level 0.9 Dodging
 - Level 3.2 Stealth


You had 2 spell levels left.
You didn't know any spells.
Your spell library was empty.

Dungeon Overview and Level Annotations

Branches:
Dungeon (2/15)

Altars:

Annotations:
D:2 Jessica


Innate Abilities, Weirdness & Mutations

You can wield a second weapon in your off-hand.
It takes a long time for you to wield or remove held weapons.
Your first few attacks do less damage.
You cannot equip rings or amulets.


Message History

Jessica shouts!
You hit the frilled lizard with your +2 dagger.
You kill the frilled lizard!
You hear a shout!
You hit Jessica with your +2 dagger.
Jessica is lightly wounded.
You hit Jessica but do no damage.
Jessica hits you with a +5 dagger of venom.
You are poisoned.
You hit Jessica with your +0 dagger.
Jessica is moderately wounded.
You hit Jessica but do no damage.
You feel sick.
Jessica hits you with a +5 dagger of venom!
You are lethally poisoned!
You are too injured to fight recklessly!
You are too injured to fight recklessly!
You are too injured to fight recklessly!
You are too injured to fight recklessly!
You are too injured to fight recklessly!
You are too injured to fight recklessly!
You are too injured to fight recklessly!
You are too injured to fight recklessly!
You are too injured to fight recklessly!
You are too injured to fight recklessly!
You are too injured to fight recklessly!
You are too injured to fight recklessly!
You are too injured to fight recklessly!
Unknown command.
It was a potion of ambrosia.
You are confused.
You feel invigorated.
You feel very sick.
Jessica hits you with a +5 dagger of venom.
* * * LOW HITPOINT WARNING * * *
* * * LOW HITPOINT WARNING * * *
You feel very sick. Jessica gestures at you while chanting.
Pain shoots through your body!
Ouch! That really hurt!
You die...

### ....
#....########
#...........#
#.....@.@<#.#
........#.#.###
#...#.#.......###
..........#.#...#
#..######.#.###.##
#.
..#......######## #
...............[..
....#.......######.
##.###.......# #.


You could see Jessica.

Vanquished Creatures
  A ribbon worm (D:2)
  2 dart slugs (D:1)
  5 ball pythons (D:1)
  An endoplasm (D:1)
  2 giant cockroaches (D:1)
  2 goblins (D:1)
  A hobgoblin (D:2)
  3 jackals (D:1)
  A bat (D:1)
  2 frilled lizards
  4 kobolds
  3 rats (D:1)
27 creatures vanquished.

Notes
Turn   | Place    | Note
-------+----------+-------------------------------------------
     0 | D:1      | Heh the Coglin Brigand began the quest for the Orb.
     0 | D:1      | Reached XP level 1. HP: 16/16 MP: 1/1
    89 | D:1      | Reached skill level 1 in Long Blades
   120 | D:1      | Reached XP level 2. HP: 17/22 MP: 2/2
   350 | D:1      | Reached XP level 3. HP: 27/27 MP: 3/3
   890 | D:2      | Noticed Jessica
   898 | D:2      | Killed from afar by Jessica

Illustrated notes

Levels and vault maps discovered:
D:1:      giann_forest_graveyard, layout_loops_ring
D:2:      kennysheep_big_flooded_room, layout_basic, basic_altar, uniq_jessica

Skill      XL: |  1  2 |
---------------+-------+-----
Long Blades    | 1 2 |  2.8
Fighting       | |  2.0
Short Blades   | |  1.8
Throwing       | |  1.8
Dodging        | |  0.9
Stealth        | |  3.2

Action                     || total
---------------------------++-------
  Melee: Dagger            ||   108
    Use: Potion            ||     1
   Stab: Sleeping          ||     6
 Armour: Ring mail         ||    32
  Dodge: Dodged            ||    26

Table legend: (Time is in decaauts)
 A = Elapsed time spent in this place.
 B = Non-inter-level travel time spent in this place.
 C = Inter-level travel time spent in this place.
 D = Time resting spent in this place.
 E = Time spent auto-exploring this place.
 F = Levels seen in this place.
 G = Mean time per level.
                   A        B        C        D        E       F      G
               +--------+--------+--------+--------+--------+-----+--------+
         Total |    890 |    821 |     69 |      0 |    655 |   2 |  445.0 |
       Dungeon |    890 |    821 |     69 |      0 |    655 |   2 |  445.0 |
               +--------+--------+--------+--------+--------+-----+--------+

Top non-repeatable levels by time:
     D:1: 752 daAuts
     D:2: 138 daAuts
